 Dungeon Crawl Stone Soup version 0.31-a0-702-gf82c85558f (webtiles) character file.

Game seed: 18102341153113313113

40 Shayle the Changeling (level 3, -2/36 HPs)
             Began as an Ogre Shapeshifter on Sept 8, 2023.
             Slain by a worm (11 damage)
             ... on level 2 of the Dungeon.
             The game lasted 00:02:00 (902 turns).

Shayle the Changeling (Ogre Shapeshifter)            Turns: 902, Time: 00:02:01

Health: -2/36      AC:  3    Str: 18    XL:     3   Next: 50%
Magic:  5/5        EV:  9    Int: 13    God:
Gold:   62         SH:  0    Dex:  8    Spells: 5/5 levels left

rFire   . .          .
                       - Unarmed
rCold   . . .        (no shield)
rNeg    . . .        a - +0 animal skin
rPois   .            (helmet currently unavailable)
rElec   .            (cloak currently unavailable)
rCorr   .            (gloves unavailable)
SInv    .            (boots unavailable)
Will    .....        (no amulet)
Stlth   +            (no ring)
HPRegen 0.26/turn    (no ring)
MPRegen 0.09/turn

%: no passive effects
@: beast-form
A: beast (slay +1), large, unfitting armour, tough skin 1
a: Begin Untransformation


You were on level 2 of the Dungeon.
You were a hulking beast.
You visited 1 branch of the dungeon, and saw 2 of its levels.

You collected 62 gold pieces.

Inventory:

Armour
 a - a +0 animal skin (worn)
Talismans
 c - a beast talisman (active)
 d - a flux talisman
Scrolls
 e - a scroll of identify {unknown}
 h - a scroll of fog {unknown}
Potions
 b - a potion of lignification
 f - a potion of brilliance {unknown}
 g - a potion of degeneration {unknown}
 i - a potion of enlightenment {unknown}


   Skills:
 + Level 2.9 Fighting
 - Level 1.8 Dodging
 - Level 2.7 Unarmed Combat
 + Level 1.5 Spellcasting
 + Level 3.4 Shapeshifting


You had 5 spell levels left.
You didn't know any spells.
Your spell library was empty.

Dungeon Overview and Level Annotations

Branches:
Dungeon (2/15)

Altars:

Shops:
D:1 [:(   D:2 *

Annotations:
D:1 2 transporters


Innate Abilities, Weirdness & Mutations

You are a hulking beast.
Your limbs bulge with bestial killing power. (Slay +1)
You are too large for most types of armour.
You have tough skin. (AC +1)


Message History

The quokka closely misses you. The quokka bites you.
You hit the quokka but do no damage. The quokka completely misses you.
You hit the quokka.
The quokka is moderately wounded.
The quokka bites you.
You closely miss the quokka.
The quokka is moderately wounded.
The quokka twitches its whiskers.
The quokka bites you but does no damage.
A quokka is nearby!
You hit the quokka.
You kill the quokka!
HP restored.
Found a scroll labelled QUN QUJOOKUI.
A giant cockroach is nearby!
A worm comes into view.
Found a stone staircase leading down.
The giant cockroach barely misses you.
There are monsters nearby!
You hit the giant cockroach.
You kill the giant cockroach!
Found a cyan potion.
Found an escape hatch in the ceiling.
You punch the worm!
The worm is moderately wounded.
The worm bites you!
You hit the worm.
The worm is moderately wounded.
You barely miss the worm.
The worm is moderately wounded.
The worm bites you!
You are too injured to fight recklessly!
You hit the worm.
The worm is heavily wounded.
You hit the worm.
The worm is heavily wounded.
The worm bites you!
* * * LOW HITPOINT WARNING * * *
You punch the worm!
The worm is almost dead.
The worm bites you!
You die...

.....#
.....# # ...
.#
####.#.#.##
#.. . #
#.........#
#.#.###..
...>.#.##...
##.#.#.⌠.
.)...#.# <#
#!.....
.....# .
....###..#.#
..##.# ##
#.>.w..†?# #
####.#
###h.####.#
.....#
#.......#.#
######
#.#.......#
#
#!##.##.###
# # #....# #
###..# #
#.####..# #
#.......# #
######.##


You could see a worm.

Vanquished Creatures
  3 ball pythons
  6 endoplasms (D:1)
  3 giant cockroaches
  4 hobgoblins
  4 jackals (D:1)
  3 quokkas
  A frilled lizard (D:1)
  A goblin (D:2)
  4 kobolds (D:1)
  5 rats (D:1)
34 creatures vanquished.

Notes
Turn   | Place    | Note
-------+----------+-------------------------------------------
     0 | D:1      | Shayle the Ogre Shapeshifter began the quest for the Orb.
     0 | D:1      | Reached XP level 1. HP: 19/19 MP: 1/1
   147 | D:1      | Reached XP level 2. HP: 27/28 MP: 2/2
   210 | D:1      | Found Xigugge's Antique Armour Shop.
   243 | D:1      | Reached skill level 1 in Spellcasting
   272 | D:1      | Found a transporter.
   325 | D:1      | Found Veli's Book Shop.
   450 | D:1      | Reached XP level 3. HP: 30/36 MP: 4/4
   475 | D:1      | Found a transporter.
   479 | D:1      | Found Kawiry's Antique Weapon Shop.
   816 | D:2      | Found Qeycozi's General Store.
   902 | D:2      | Slain by a worm

Illustrated notes

Levels and vault maps discovered:
D:1:      orjb1_lava_funnel, layout_loops_cross, serial_shops, shop,
          nicolae_shop_drivethru, nicolae_shop_crystal
D:2:      layout_loops_cross, chequers_ecumenical_altar_twisty, serial_shops,
          shop_fountains, nicolae_shop_tiny_glass

Skill      XL: |  1  2 |
---------------+-------+-----
Fighting       | 2 |  2.9
Spellcasting   | 1 |  1.5
Dodging        | |  1.8
Unarmed Combat | |  2.7
Shapeshifting  | |  3.4

Action                     || total
---------------------------++-------
  Melee: Unarmed           ||   100
   Stab: Distracted        ||     1
 Armour: Animal skin       ||    60
  Dodge: Dodged            ||    39

Table legend: (Time is in decaauts)
 A = Elapsed time spent in this place.
 B = Non-inter-level travel time spent in this place.
 C = Inter-level travel time spent in this place.
 D = Time resting spent in this place.
 E = Time spent auto-exploring this place.
 F = Levels seen in this place.
 G = Mean time per level.
                   A        B        C        D        E       F      G
               +--------+--------+--------+--------+--------+-----+--------+
         Total |    896 |    879 |     17 |      0 |    632 |   2 |  448.0 |
       Dungeon |    896 |    879 |     17 |      0 |    632 |   2 |  448.0 |
               +--------+--------+--------+--------+--------+-----+--------+

Top non-repeatable levels by time:
     D:1: 811 daAuts
     D:2: 85 daAuts
